 Dungeon Crawl Stone Soup version 0.27.0-66-gdc8fb28755 (webtiles) character file.

Game seed: 7863287009071219659

18438 zazu2006 the Carver (level 12, 0/105 HPs)
             Began as a Naga Hedge Wizard on Aug 14, 2021.
             Was a Priest of Vehumet.
             Shot with a bolt by an orc warrior (15 damage)
             ... on level 2 of the Orcish Mines on Aug 19, 2021.
             The game lasted 00:45:51 (19417 turns).

zazu2006 the Carver (Naga Hedge Wizard)            Turns: 19417, Time: 00:45:51

Health: 0/105      AC: 15    Str: 14    XL:     12   Next: 58%
Magic:  19/24      EV: 11    Int: 17    God:    Vehumet [***...]
Gold:   971        SH:  0    Dex: 12    Spells: 16/28 levels left

rFire    . . .     SeeInvis +   G - +3 scimitar
rCold    . . .     Faith    .   (no shield)
rNeg     . . .     Spirit   .   c - +1 steam dragon scales
rPois    +         Reflect  .   t - +2 helmet
rElec    .         Harm     .   u - +2 cloak {Stlth+}
rCorr    .         Rampage  .   f - +0 pair of gloves
Will     ++...                  (no barding)
Stlth    +++++.....             q - amulet of magic regeneration
HPRegen  0.27/turn              n - ring of willpower
MPRegen  0.44/turn              (no ring)

@: very slow
A: AC +4, large, see invisible, deformed body, poison resistance, slowness 2,
spit poison 1, naga tail 1
a: Spit Poison, Renounce Religion


You were on level 2 of the Orcish Mines.
You worshipped Vehumet.
Vehumet was most pleased with you.
You visited 3 branches of the dungeon, and saw 15 of its levels.

You collected 971 gold pieces.

Inventory:

Hand Weapons
 A - a +1 long sword of draining
 G - a +3 scimitar (weapon)
Missiles
 r - 6 throwing nets
Armour
 c - +1 steam dragon scales (worn)
 f - a +0 pair of gloves (worn)
 t - a +2 helmet (worn)
 u - a +2 cloak of stealth (worn)
 x - a +3 leather armour of willpower
 z - a +2 ring mail of willpower
 N - a +0 troll leather armour
Jewellery
 n - a ring of willpower (left hand)
 q - an amulet of magic regeneration (around neck)
 B - a ring of fire
Wands
 h - a wand of charming (5)
 o - a wand of iceblast (15)
 s - a wand of mindburst (15)
 F - a wand of digging (5)
Scrolls
 a - 3 scrolls of magic mapping
 d - 4 scrolls of enchant armour {unknown}
 e - 4 scrolls of teleportation
 i - 2 scrolls of noise {unknown}
 k - 3 scrolls of enchant weapon {unknown}
 y - 6 scrolls of identify
 C - a scroll of holy word {unknown}
 E - a scroll of silence {unknown}
 H - 3 scrolls of fear {unknown}
 I - a scroll of immolation {unknown}
 J - a scroll of vulnerability {unknown}
 L - 3 scrolls of acquirement {unknown}
Potions
 b - a potion of flight
 g - 2 potions of lignification {unknown}
 j - 3 potions of mutation {unknown}
 l - 4 potions of brilliance {unknown}
 p - a potion of degeneration {unknown}
 v - 3 potions of curing {unknown}
 w - 3 potions of invisibility {unknown}
 D - 3 potions of ambrosia {unknown}
 K - a potion of berserk rage {unknown}
 M - a potion of magic {unknown}


   Skills:
 + Level 6.3 Fighting
 + Level 10.2 Long Blades
 + Level 3.6 Armour
 + Level 5.8 Dodging
 + Level 9.5 Stealth
 + Level 8.6 Spellcasting
 + Level 7.8 Conjurations
 + Level 1.0 Summonings
 + Level 2.4 Translocations
 + Level 1.4 Fire Magic
 + Level 3.1 Air Magic
 - Level 5.0 Poison Magic
 + Level 0.5 Evocations


You had 16 spell levels left.
You knew the following spells:

 Your Spells              Type           Power      Damage    Failure   Level
a - Magic Dart            Conj           100%       1d8       1%          1
b - Mephitic Cloud        Conj/Pois/Air  25%        N/A       1%          3
c - Conjure Flame         Conj/Fire      23%        6-21      1%          3
d - Blink                 Tloc           N/A        N/A       5%          2
e - Dazzling Flash        Conj/Hex       40%        N/A       1%          3

Your spell library contained the following spells:

 Spells                   Type           Power      Damage    Failure   Level
 Poisonous Vapours        Pois/Air       42%        N/A       1%          2
 Iskenderun's Mystic Bla  Conj/Tloc      24%        2d7       3%          4
 Call Imp                 Summ           10%        N/A       10%         2
 Gell's Gravitas          Tloc           7%         N/A       11%         3
 Lesser Beckoning         Tloc           7%         N/A       11%         3
 Teleport Other           Tloc           15%        N/A       11%         3
 Slow                     Hex            7%         N/A       16%         2
 Starburst                Conj/Fire      11%        6d5       47%         6
 Manifold Assault         Tloc           15%        N/A       69%         5
 Dispersal                Tloc           7%         N/A       99%         6


Dungeon Overview and Level Annotations

Branches:
Dungeon (12/15)            Temple (1/1) D:4            Lair (0/6) D:11
    Orc (2/2) D:12
    Elf: Orc:2

Altars:
Ashenzari
Cheibriados
Dithmenos
Elyvilon
Fedhas
Gozag
Hepliaklqana
Kikubaaqudgha
Makhleb
Nemelex Xobeh
Okawaru
Qazlal
Ru
Sif Muna
Trog
Uskayaw
Vehumet
Wu Jian
Xom
Yredelemnul
Zin
The Shining One

Shops:
D:1 *   D:8 !   D:11 ?   Orc:1 [=   Orc:2 ?

Annotations:
D:7 4 runed translucent doors
D:9 2 transporters, exclusion: ice statue, horus123's ghost, novice DEIE
D:10 1 runed translucent door, suduhmizer's ghost, novice DDFi
Orc:2 Jorgrun


Innate Abilities, Weirdness & Mutations

Your serpentine skin is tough. (AC +4)
You have supernaturally acute eyesight. (SInv)
Armour fits poorly on your strangely shaped body.
Your system is resistant to poisons. (rPois)
You cover ground very slowly.
You can spit poison.
You have a snake-like lower body.


Message History

The orc warrior shoots a bolt.
The bolt hits you.
* * * LOW HITPOINT WARNING * * *
The centaur wields a +0 shortbow.
The centaur shoots an arrow.
The arrow closely misses you.
The orc warrior shoots a bolt.
The bolt hits you!
* * * LOW HITPOINT WARNING * * *
The orc warrior shoots a bolt.
The bolt hits you.
* * * LOW HITPOINT WARNING * * *
The centaur shoots an arrow.
The arrow hits you.
* * * LOW HITPOINT WARNING * * *
Unknown command.
Casting: Mephitic Cloud (safe; 1% risk of failure)
Confirm with . or Enter, or press ? or * to list all spells.
Aiming: Mephitic Cloud (safe; 1% risk of failure)
Press: ? - help, Shift-Dir - straight line, f - centaur
Aim: a centaur, wielding a +0 shortbow and quivering arrows (chance to affect: 81%)
The ball explodes into a vile cloud!
The stinking cloud engulfs the centaur but does no damage.
You hear a shout! x5
The centaur is engulfed in noxious fumes.
The centaur appears confused.
The centaur mumbles something.
The centaur is engulfed in noxious fumes.
The centaur appears confused.
Unknown command.
Unknown command.
Casting: Mephitic Cloud (safe; 1% risk of failure)
Confirm with . or Enter, or press ? or * to list all spells.
Aiming: Mephitic Cloud (safe; 1% risk of failure)
Press: ? - help, Shift-Dir - straight line, p - centaur The ball explodes into a vile cloud!
The stinking cloud engulfs the centaur but does no damage.
The centaur is lightly wounded.
You hear a shout!
The centaur is engulfed in noxious fumes.
The centaur appears confused.
A centaur warrior comes into view.
Unknown command.
Jorgrun Earthshaker comes into view.
He is wielding a +0 vorpal quarterstaff.
The orc warrior shoots a bolt.
The bolt hits you!
You die...

. ...#.#..#....##..##
.##...∩.c...g.##.$..#
..#..#.##.....o#...##
....$.........#§○...#
.............o.§☼..#
............coc.§#)##
...............##...##.##
......<.........#.......#
................@.......#
..............#...........
..........).))).........##
........)).$#.#...$.....#
............)..#....#....#
.......<...<..###..###..##
.............## #...# ...
............## #.##
...........# #


You could see Jorgrun, 2 orc warriors and 2 centaurs.

Vanquished Creatures
  Josephine (D:10)
  6 two-headed ogres
  Pikel (D:5)
  A cyclops (Orc:2)
  An unseen horror (D:12)
  Maggie (D:5)
  2 kobold demonologists
  4 trolls
  3 slime creatures
  A shadow (D:11)
  A wyvern (D:8)
  Sigmund (D:5)
  Eustachio (D:4)
  9 yaks
  4 wraiths
  16 vampire mosquitoes
  Grum (D:7)
  A warg (Orc:1)
  Edmund (D:5)
  A water moccasin (D:6)
  An ice beast (D:7)
  11 orc warriors
  3 sky beasts
  A black bear (D:3)
  2 ogres (Orc:1)
  A necrophage (D:7)
  6 centaurs
  2 lemures (D:5)
  Blork the orc (D:4)
  2 kobold brigands (D:9)
  A phantom (D:4)
  3 bullfrogs
  A gnoll sergeant (D:7)
  A water moccasin zombie (D:5)
  2 scorpions
  A water moccasin skeleton (D:5)
  13 killer bees
  7 wights
  A howler monkey (D:11)
  5 centaur zombies
  3 iron imps (D:3)
  8 hounds
  2 gnoll shamans (D:7)
  15 orc priests
  Ijyb (D:4)
  Jessica (D:3)
  3 iguanas
  Natasha (thrice) (D:4)
  18 orc wizards
  A hound skeleton (D:4)
  2 howler monkey zombies (D:7)
  Robin (D:4)
  3 adders
  6 gnolls (D:7)
  3 white imps
  2 ufetubi
  A worm (D:4)
  46 orcs
  6 ball pythons
  6 bats
  6 endoplasms
  4 giant cockroaches
  17 goblins
  11 hobgoblins
  7 jackals
  18 kobolds
  3 quokkas
  4 frilled lizards
  7 rats
330 creatures vanquished.

Vanquished Creatures (collateral kills)
  An orc wizard (D:5)
1 creature vanquished.

Vanquished Creatures (others)
  A wraith (D:10)
  An orc (D:12)
2 creatures vanquished.

Grand Total: 333 creatures vanquished

Notes
Turn   | Place    | Note
-------+----------+-------------------------------------------
     0 | D:1      | zazu2006 the Naga Hedge Wizard began the quest for the Orb.
     0 | D:1      | Reached XP level 1. HP: 15/15 MP: 4/4
   338 | D:1      | Reached XP level 2. HP: 12/22 MP: 0/6
   836 | D:1      | Found Merhirgh's General Store.
   916 | D:1      | Found a faded altar of an unknown god.
  1598 | D:2      | Reached XP level 3. HP: 28/28 MP: 3/7
  2048 | D:2      | Reached skill level 1 in Armour
  2048 | D:2      | Reached XP level 4. HP: 13/36 MP: 1/9
  2456 | D:2      | Found a stormy altar of Qazlal.
  3484 | D:3      | Noticed a black bear
  3490 | D:3      | Learned a level 3 spell: Mephitic Cloud
  3505 | D:3      | Killed a black bear
  3506 | D:3      | Reached XP level 5. HP: 33/42 MP: 6/10
  3582 | D:3      | Noticed Jessica
  3587 | D:3      | Killed Jessica
  3592 | D:3      | Learned a level 3 spell: Conjure Flame
  3595 | D:3      | Learned a level 2 spell: Blink
  3802 | D:3      | Found a burning altar of Makhleb.
  4217 | D:4      | Reached XP level 6. HP: 36/50 MP: 3/12
  4305 | D:4      | Noticed Ijyb
  4347 | D:4      | Noticed Blork the orc
  4358 | D:4      | Killed Ijyb
  4392 | D:4      | Reached skill level 1 in Poison Magic
  4873 | D:4      | Reached XP level 7. HP: 32/56 MP: 1/13
  4939 | D:4      | Killed Blork the orc
  4940 | D:4      | Reached skill level 1 in Fighting
  5186 | D:4      | Found a staircase to the Ecumenical Temple.
  5204 | D:4      | Noticed Robin
  5211 | D:4      | Killed Robin
  5225 | D:4      | Noticed Eustachio
  5243 | Temple   | Entered the Ecumenical Temple
  5516 | D:4      | Killed Eustachio
  5712 | D:4      | Noticed Natasha
  5720 | D:4      | Killed Natasha
  5728 | D:4      | Noticed Natasha
  5740 | D:4      | Killed Natasha
  5940 | D:4      | Noticed Natasha
  5950 | D:4      | Killed Natasha
  6382 | D:3      | Reached XP level 8. HP: 35/64 MP: 11/15
  6683 | D:3      | Reached skill level 1 in Long Blades
  6683 | D:3      | Reached skill level 5 in Spellcasting
  6810 | D:5      | Entered Level 5 of the Dungeon
  7117 | D:5      | Noticed Sigmund
  7133 | D:5      | Killed Sigmund
  7415 | D:5      | Noticed Edmund
  7460 | D:5      | Killed Edmund
  7461 | D:5      | Reached skill level 2 in Long Blades
  7945 | D:5      | Noticed Pikel
  7964 | D:5      | Killed Pikel
  7965 | D:5      | Reached skill level 3 in Long Blades
  7965 | D:5      | Reached skill level 5 in Poison Magic
  7965 | D:5      | Reached XP level 9. HP: 55/74 MP: 11/17
  8395 | D:5      | Reached skill level 1 in Air Magic
  8785 | D:6      | Reached skill level 4 in Long Blades
  8785 | D:6      | Reached skill level 5 in Conjurations
  8858 | D:6      | You fall into a shaft and drop 1 floor!
  8944 | D:7      | Noticed Maggie
  8949 | D:7      | Found a huge runed translucent gate.
  8949 | D:7      | Found a huge runed translucent gate.
  8949 | D:7      | Found a huge runed translucent gate.
  8949 | D:7      | Found a huge runed translucent gate.
  8949 | D:7      | Noticed a polar bear
  8949 | D:7      | Noticed a polar bear
  8949 | D:7      | Noticed a polar bear
  8949 | D:7      | Noticed a polar bear
  8950 | D:7      | Noticed a manticore
  8964 | D:5      | HP: 3/74 [poisoned by Maggie]
  8966 | D:5      | HP: 1/74 [poisoned by Maggie]
  9326 | D:5      | Killed Maggie
  9327 | D:5      | Reached skill level 5 in Stealth
 10422 | D:7      | Found an opulent altar of Gozag.
 10742 | D:7      | Reached XP level 10. HP: 84/84 MP: 15/20
 10914 | D:7      | Found a shadowy altar of Dithmenos.
 10915 | D:7      | Found a snail-covered altar of Cheibriados.
 10915 | D:7      | Found a radiant altar of Vehumet.
 10916 | D:7      | Found a sparkling altar of Nemelex Xobeh.
 10920 | D:7      | Found a broken altar of Ashenzari.
 10925 | D:7      | Became a worshipper of Vehumet
 11100 | D:7      | Noticed Grum
 11111 | D:7      | Killed Grum
 11310 | D:8      | Noticed a two-headed ogre
 11315 | D:8      | Killed a two-headed ogre
 11316 | D:8      | Reached skill level 5 in Long Blades
 11405 | D:8      | Found Osuzoi's Distillery.
 11420 | D:8      | Noticed a two-headed ogre
 11453 | D:8      | Killed a two-headed ogre
 12438 | D:9      | Reached skill level 6 in Long Blades
 12745 | D:9      | Reached * piety under Vehumet
 12745 | D:9      | Offered knowledge of Sandblast by Vehumet.
 12935 | D:9      | Noticed an ice statue
 12939 | D:9      | Noticed a two-headed ogre
 12947 | D:9      | Noticed horus123's ghost (novice DEIE)
 12958 | D:9      | Noticed a two-headed ogre
 12969 | D:9      | Noticed a brown ugly thing
 13178 | D:9      | Found a transporter.
 13184 | D:9      | Found a transporter.
 13351 | D:10     | Entered Level 10 of the Dungeon
 13447 | D:9      | Reached XP level 11. HP: 57/89 MP: 17/22
 13684 | D:10     | Found a runed translucent door.
 13684 | D:10     | Noticed suduhmizer's ghost (novice DDFi)
 13789 | D:10     | Reached skill level 7 in Long Blades
 13803 | D:10     | Noticed a two-headed ogre
 13827 | D:10     | Killed a two-headed ogre
 14100 | D:9      | Reached skill level 5 in Dodging
 14121 | D:10     | Noticed Josephine
 14452 | D:10     | Found a stormy altar of Qazlal.
 14544 | D:10     | Killed Josephine
 14545 | D:10     | Reached skill level 5 in Fighting
 14554 | D:10     | Reached skill level 8 in Long Blades
 15199 | D:11     | Offered knowledge of Searing Ray by Vehumet.
 15206 | D:11     | Noticed a two-headed ogre
 15221 | D:11     | Killed a two-headed ogre
 15221 | D:11     | Reached ** piety under Vehumet
 15349 | D:11     | Noticed a two-headed ogre
 15376 | D:11     | Killed a two-headed ogre
 15393 | D:11     | Learned a level 3 spell: Dazzling Flash
 15728 | D:11     | Found Cyrophia's Magic Scroll Shop.
 15758 | D:11     | Found a staircase to the Lair.
 16286 | D:12     | Noticed a two-headed ogre
 16303 | D:12     | Killed a two-headed ogre
 16304 | D:12     | Reached skill level 9 in Long Blades
 16304 | D:12     | Reached XP level 12. HP: 84/103 MP: 18/24
 16890 | D:12     | Reached skill level 1 in Fire Magic
 17138 | D:12     | Found a staircase to the Orcish Mines.
 17588 | D:12     | Upgraded the game from 0.27.0-1-g7a089689b8 to
                  | 0.27.0-66-gdc8fb28755
 17626 | D:12     | Found a shimmering blue altar of Sif Muna.
 17673 | D:12     | Offered knowledge of Poisonous Vapours by Vehumet.
 17706 | D:12     | HP: 3/105 [vampire mosquito (8)]
 18556 | Orc:1    | Entered Level 1 of the Orcish Mines
 18858 | Orc:1    | Reached skill level 10 in Long Blades
 19004 | Orc:1    | Found Bosig's Armour Emporium.
 19075 | Orc:1    | Reached *** piety under Vehumet
 19169 | Orc:1    | Found Xotsu's Jewellery Shop.
 19346 | Orc:2    | Entered Level 2 of the Orcish Mines
 19346 | Orc:2    | Found Laawis's Magic Scroll Shop.
 19416 | Orc:2    | Noticed a centaur warrior
 19417 | Orc:2    | Noticed Jorgrun
 19417 | Orc:2    | Shot with a bolt by an orc warrior

Illustrated notes

Levels and vault maps discovered:
D:1:      evilmike_arrival_hilbert_curve, layout_basic,
          shapermc_ecumenical_altar_mp_highgroup, serial_shops, shop
D:2:      layout_basic, basic_altar
D:3:      layout_basic, demons_altar, minmay_ruptured, uniq_jessica
D:4:      minmay_angry_zag, layout_basic, minmay_temple_entry_arrows, uniq_ijyb,
          uniq_blork_the_orc, uniq_robin, uniq_eustachio, uniq_natasha
D:5:      layout_layer_cave, st_stairs_14, uniq_edmund, uniq_sigmund, uniq_pikel
D:6:      layout_cave_pools
D:7:      lemuel_bear_cage, layout_cave_pools, nicolae_gozag_seed_capital,
          minitemple, serial_gnoll_camp, gnoll_camp_mini_hut, grums_kennel,
          gnoll_camp_mini_hut, gnoll_camp_medium_01, columned_hall_lemuel,
          uniq_maggie
D:8:      layout_loops_ring, serial_shops, shop
D:9:      layout_loops_ring, nzn_ghost_randoct
D:10:     layout_cave_pools, old_standard_altar, gammafunk_ghost_grave,
          hangedman_abyss_or_decor_stabs, eino_jars, uniq_josephine
D:11:     layout_loops_ring, lair_entry_dummy, serial_shops,
          kennysheep_little_box
D:12:     layout_roguey, david_orc_4, led_sif_pool
Temple:   zaba_magenta_temple
Orc:1:    layout_caves, serial_shops, nicolae_square_shop, shop, shop,
          nicolae_shop_window_shopping, nicolae_square_shop
Orc:2:    st_orc_rangers, layout_caves, serial_shops, nicolae_shop_crystal,
          gauntlet_entry_generic, uniq_jorgrun

Skill      XL: |  1  2  3  4  5  6  7  8  9 10 11 12 |
---------------+-------------------------------------+-----
Armour         | 1 2 3 |  3.6
Dodging        | 2 3 4 5 |  5.8
Conjurations   | 2 3 4 6 7 |  7.8
Spellcasting   | 4 5 6 7 8 |  8.6
Stealth        | 4 5 7 8 9 |  9.5
Poison Magic   | 2 3 5 |  5.0
Fighting       | 1 2 3 4 5 6 |  6.3
Long Blades    | 3 4 6 9 10 | 10.2
Air Magic      | 1 2 3 |  3.1
Translocations | 2 |  2.4
Fire Magic     | 1 |  1.4
Summonings     | |  1.0
Evocations     | |  0.5

Action                   |  1- 3 |  4- 6 |  7- 9 | 10-12 || total
-------------------------+-------+-------+-------+-------++-------
Melee: Dagger            |    15 |    54 |    28 |       ||    97
       Falchion          |       |       |   156 |       ||   156
       Long sword        |       |       |    19 |    46 ||    65
       Scimitar          |       |       |       |   597 ||   597
 Cast: Magic Dart        |    75 |   105 |   299 |   161 ||   640
       Mephitic Cloud    |       |     6 |    24 |    58 ||    88
       Conjure Flame     |       |       |     1 |    13 ||    14
       Blink             |       |       |     5 |    18 ||    23
 Abil: Spit Poison       |    19 |    16 |    45 |    38 ||   118
Evoke: Wand              |       |       |       |     4 ||     4
  Use: Potion            |     1 |     1 |     2 |     1 ||     5
       Scroll            |       |       |       |     3 ||     3
 Stab: Confused          |       |     1 |     4 |    41 ||    46
       Sleeping          |       |       |     1 |     6 ||     7
Armor: Robe              |     3 |       |       |       ||     3
       Leather armour    |    12 |    22 |   125 |       ||   159
       Steam dragon scal |       |       |    32 |   367 ||   399
Dodge: Dodged            |    33 |    36 |   129 |   451 ||   649
       Rpst.: Falchion   |       |       |    26 |       ||    26
       Long sword        |       |       |     9 |    12 ||    21
       Scimitar          |       |       |       |   119 ||   119
